 Dungeon Crawl Stone Soup version 0.24-a0-358-g53aee78b01 (webtiles) character file.

Game seed: 12435771857106101158

23 mhoghedin the Conjurer (level 2, -1/20 HPs)
             Began as a Draconian Conjurer on May 25, 2019.
             Slain by a worm (10 damage)
             ... on level 2 of the Dungeon.
             The game lasted 00:00:59 (1212 turns).

mhoghedin the Conjurer (Draconian Conjurer)         Turns: 1212, Time: 00:01:00

Health: -1/20      AC:  5    Str: 10    XL:     2   Next: 72%
Magic:  5/5        EV: 12    Int: 15    God:
Gold:   93         SH:  0    Dex: 11    Spells: 5/6 levels left

rFire    . . .     SeeInvis .   a - +0 dagger
rCold    . . .     Gourm    .   (no shield)
rNeg     . . .     Faith    .   (armour unavailable)
rPois    .         Spirit   .   (helmet restricted)
rElec    .         Reflect  .   (no cloak)
rCorr    .         Harm     .   (no gloves)
MR       .....                  d - +0 pair of boots
Stlth    ++........             (no amulet)
HPRegen  0.06/turn              (no ring)
MPRegen  0.09/turn              (no ring)

@: no status effects
A: unfitting armour, cold-blooded, AC +4
a: no special abilities


You were on level 2 of the Dungeon.
You were not hungry.

You visited 1 branch of the dungeon, and saw 2 of its levels.

You collected 93 gold pieces.

Inventory:

Hand Weapons
 a - a +0 dagger (weapon)
   (You found it on level 1 of the Dungeon)
Armour
 d - a +0 pair of boots (worn)
   (You found it on level 1 of the Dungeon)
Scrolls
 c - a scroll of fear {unknown}
 e - 3 scrolls of identify {unknown}
 f - a scroll of remove curse {unknown}
Comestibles
 b - 2 rations


   Skills:
 - Level 1.7 Dodging
 - Level 1.8 Stealth
 + Level 2.6 Spellcasting
 + Level 4.4 Conjurations


You had 5 spell levels left.
You knew the following spells:

 Your Spells              Type           Power        Failure   Level  Hunger
a - Magic Dart            Conj           ###.         3%          1    #......

Your spell library contained the following spells:

 Spells                   Type           Power        Failure   Level  Hunger
 Searing Ray              Conj           ###...       4%          2    ###....
 Dazzling Spray           Conj/Hex       #.....       26%         3    ###....
 Iskenderun's Mystic Bla  Conj           ###.....     32%         4    #####..
 Force Lance              Conj/Tloc      #.......     63%         4    #####..
 Fulminant Prism          Conj/Hex       #.........   63%         4    #####..


Dungeon Overview and Level Annotations

Branches:
Dungeon (2/15)

Altars:


Innate Abilities, Weirdness & Mutations

Your plain brown scales are hard. (AC +4)
You cannot fit into any form of body armour.
You are cold-blooded and may be slowed by cold attacks.


Message History

The kobold closely misses you.
You hit the kobold but do no damage. The hobgoblin closely misses you.
The kobold barely misses you.
You closely miss the kobold. You tail-slap the kobold.
You kill the kobold!
The hobgoblin hits you but does no damage.
You hit the hobgoblin. The hobgoblin hits you with a +0 club.
You take 2 damage, and have 15/20 hp.
You hit the hobgoblin. The hobgoblin barely misses you.
You hit the hobgoblin but do no damage.
Your tail-slap misses the hobgoblin.
The hobgoblin misses you.
You closely miss the hobgoblin. The hobgoblin barely misses you.
You barely miss the hobgoblin. The hobgoblin closely misses you.
You closely miss the hobgoblin. You hit the hobgoblin.
You kill the hobgoblin!
No target in view!
No target in view!
No target in view!
No target in view!
No target in view!
No target in view!
No target in view!
No target in view!
No target in view!
No target in view!
No target in view!
No target in view!
No target in view!
No target in view!
No target in view!
No target in view!
Things that are here:
a +0 club; a hobgoblin corpse You butcher the hobgoblin corpse.
g - 3 chunks of flesh {@w0} (gained 2)
Things that are here:
a +0 club; a hobgoblin skeleton
Found 10 stones.
Found a stone staircase leading up.
You see here a bat corpse.
You butcher the bat corpse.
g - 4 chunks of flesh {@w0} (gained 1)
You see here a bat skeleton.
Things that are here:
a +0 short sword; a kobold corpse A kobold comes into view.
It is wielding a +0 whip.
The kobold throws a stone.
The stone barely misses you.
The kobold throws a stone.
The stone hits you but does no damage.
You see here a stone.
The kobold hits you with a +0 whip.
You hit the kobold. The kobold hits you with a +0 whip.
You are too injured to fight recklessly!
You are too injured to fight recklessly!
You are too injured to fight recklessly!
You take 5 damage, and have 11/20 hp.
MASSIVE DAMAGE!!
You hit the kobold but do no damage. The kobold closely misses you.
You hit the kobold.
You kill the kobold!
Things that are here:
a +0 whip; a kobold corpse The kobold corpse isn't edible.
You start resting.
Some of the chunks of flesh in your inventory have rotted away.
Eating one of 3 chunks of flesh {@w0}.
You eat one of the 3 chunks of flesh {@w0}.
You now have 75 gold pieces (gained 7).
You see here a stone.
Things that are here:
a +0 whip; a kobold corpse You now have 93 gold pieces (gained 18).
All of the chunks of flesh in your inventory have rotted away.
You see here 24 bolts.
A dart slug comes into view.
A dart slug is nearby!
A dart slug is nearby!
A dart slug is nearby!
A dart slug is nearby!
Health restored: 20 A worm comes into view.
You hit the dart slug but do no damage. You hit the dart slug.
You tail-slap the dart slug. The dart slug bites you.
You hit the dart slug.
You kill the dart slug!
You take 2 damage, and have 18/20 hp.
You hit the worm but do no damage. You tail-slap the worm. You hit the worm.
You tail-slap the worm, but do no damage.
The worm closely misses you.
You completely miss the worm. The worm bites you!
You take 9 damage, and have 9/20 hp.
MASSIVE DAMAGE!!
You are too injured to fight recklessly!
You are too injured to fight recklessly!
You are too injured to fight recklessly!
You are too injured to fight recklessly!
You hit the worm. You barely miss the worm. The worm bites you!
Ouch! That really hurt!
You die...

#########..
########.......>....
#...................
##...................
....................
#.........##########
#.......... ......
#...w...... ###.##
#.†@....... ..<..
#.......... ####.#.
#...........##.....÷
#............#..#.#.
#.........##.#..#.#)
#.#####...##.#..(...
#.####....##.#......
#............#..#.##
#...............#...


You could see a worm.

Vanquished Creatures
  A dart slug (D:2)
  A leopard gecko (D:2)
  2 giant cockroaches
  2 goblins (D:1)
  3 hobgoblins
  4 bats
  3 kobolds
  A rat (D:1)
17 creatures vanquished.

Notes
Turn   | Place    | Note
-------+----------+-------------------------------------------
     0 | D:1      | mhoghedin the Draconian Conjurer began the quest for the
                  | Orb.
     0 | D:1      | Reached XP level 1. HP: 14/14 MP: 3/3
   468 | D:1      | Reached XP level 2. HP: 20/20 MP: 5/5
  1212 | D:2      | Slain by a worm

Levels and vault maps discovered:
D:1:      doesnt_arrival_eight_statues, layout_basic,
          chequers_serial_rivers_room_a
D:2:      layout_basic, lemuel_doored_altar, first_ration,
          hangedman_abyss_or_decor_stabs

Action                   || total
-------------------------++-------
Melee: Dagger            ||    83
       Tailslap          ||     9
 Cast: Magic Dart        ||     1
 Stab: Sleeping          ||     2
  Eat: Chunk             ||     1
Armor: Skin              ||    25
Dodge: Dodged            ||    63

Table legend:
 A = Non-vault XP
 B = Vault XP
 C = Vault XP percentage of total XP
 D = Non-vault monster count
 E = Vault monster count
 F = Vault count percentage of total count
                 A         B        C        D         E       F
            +---------+---------+-------+---------+---------+-------
      Total |      33 |       0 |   0.0 |      17 |       0 |   0.0
            +---------+---------+-------+---------+---------+-------
        D:1 |      15 |       0 |   0.0 |       9 |       0 |   0.0
        D:2 |      18 |       0 |   0.0 |       8 |       0 |   0.0
            +---------+---------+-------+---------+---------+-------

Levels and vault maps discovered:
D:1:      doesnt_arrival_eight_statues, layout_basic,
          chequers_serial_rivers_room_a
D:2:      layout_basic, lemuel_doored_altar, first_ration,
          hangedman_abyss_or_decor_stabs

Table legend:
 A = Turns spent in this place as a percentage of turns spent in the entire game.
 B = Non-inter-level travel turns spent in this place as a percentage of non-inter-level travel turns spent in the entire game.
 C = Inter-level travel turns spent in this place as a percentage of turns spent in this place.
 D = Turns resting spent in this place as a percentage of non-inter-level travel turns spent in this place.
 E = Turns spent auto-exploring this place as a percentage of non-inter-level travel turns spent in this place.
 F = Non-inter-level travel turns spent in this place divided by the number of levels of this place that you've seen.
                   A       B       C       D       E      F
               +-------+-------+-------+-------+-------+----------------------
         Total | 100.0 | 100.0 |   3.6 |  15.8 |  70.0 | 584.0
       Dungeon | 100.0 | 100.0 |   3.6 |  15.8 |  70.0 | 584.0
               +-------+-------+-------+-------+-------+----------------------

Table legend:
 A = Kills in this place as a percentage of kills in entire the game.
 B = Kills by you in this place as a percentage of kills by you in the entire game.
 C = Kills by friends in this place as a percentage of kills by friends in the entire game.
 D = Other kills in this place as a percentage of other kills in the entire game.
 E = Experience gained in this place as a percentage of experience gained in the entire game.
 F = Experience gained in this place divided by the number of levels of this place that you have seen.
                   A       B       C       D       E      F
               +-------+-------+-------+-------+-------+----------------------
         Total | 100.0 | 100.0 |   N/A |   N/A | 100.0 |  16.5
       Dungeon | 100.0 | 100.0 |   N/A |   N/A | 100.0 |  16.5
               +-------+-------+-------+-------+-------+----------------------
